 Dungeon Crawl Stone Soup version 0.27.0-1-g7a089689b8 (webtiles) character file.

Game seed: 7538610980458804600

405457 ABBCCCDDDD the Ruinous (level 23, 0/139 HPs)
             Began as a Tengu Warper on Aug 6, 2021.
             Was the Champion of Vehumet.
             Slain by a rockslime (23 damage)
             ... on level 3 of the Pits of Slime on Aug 7, 2021.
             The game lasted 05:17:18 (95718 turns).

ABBCCCDDDD the Ruinous (Tengu Warper)              Turns: 95718, Time: 05:17:18

Health: 0/139      AC: 24    Str: 21    XL:     23   Next: 39%
Magic:  39/39      EV: 16    Int: 17    God:    Vehumet [******]
Gold:   2001       SH:  5    Dex: 14    Spells: 18/52 levels left

rFire    . . .     SeeInvis .   F - +9 demon trident (flame)
rCold    + . .     Faith    .   I - +0 buckler {reflect}
rNeg     . . .     Spirit   .   a - +3 storm dragon scales {Bai Suzhen}
rPois    .         Reflect  +   O - +2 hat
rElec    +         Harm     .   l - +0 cloak
rCorr    +         Rampage  .   D - +0 pair of gloves {Str+3}
Will     +....                  (boots unavailable)
Stlth    +.........             K - amulet of magic regeneration
HPRegen  0.33/turn              S - ring of protection from cold
MPRegen  0.51/turn              V - ring of resist corrosion

@: flying quickly and evasively, quick
A: beak, talons 3, nimble flight, frail 1, low mp 1
}: 2/15 runes: barnacled, gossamer
a: Renounce Religion


You were on level 3 of the Pits of Slime.
You worshipped Vehumet.
Vehumet was exalted by your worship.
You visited 10 branches of the dungeon, and saw 44 of its levels.
You visited the Abyss 2 times.
You visited 1 bazaar.
You also visited: Ossuary.

You collected 4990 gold pieces.
You spent 2989 gold pieces at shops.

Inventory:

Hand Weapons
 F - a +9 demon trident of flaming (weapon)
Armour
 a - +3 storm dragon scales (worn) {Bai Suzhen}
 l - a +0 cloak (worn)
 D - a +0 pair of gloves of strength (worn)
 I - a +0 buckler of reflection (worn)
 J - the +1 plate armour "Taipro" {rElec rC+ SInv}
   (You found it on level 1 of the Shoals)

   rC:        It protects you from cold.
   rElec:     It insulates you from electricity.
   SInv:      It lets you see invisible.
 O - a +2 hat (worn)
Jewellery
 h - a +4 ring of protection
 v - a ring of wizardry
 w - a +4 ring of evasion
 G - a ring of see invisible
 K - an amulet of magic regeneration (around neck)
 S - a ring of protection from cold (left hand)
 V - a ring of resist corrosion (right hand)
Wands
 e - a wand of mindburst (14)
 r - a wand of digging (16)
 x - a wand of acid (9)
 N - a wand of iceblast (47)
 W - a wand of paralysis (20)
 X - a wand of flame (82)
Scrolls
 d - 7 scrolls of fog
 f - 4 scrolls of immolation
 g - 8 scrolls of teleportation
 p - 3 scrolls of torment
 s - 5 scrolls of fear
 t - 3 scrolls of vulnerability
 y - 6 scrolls of enchant armour
 A - 6 scrolls of magic mapping
 H - 2 scrolls of silence
 L - 2 scrolls of summoning
 U - 4 scrolls of holy word
Potions
 b - 3 potions of magic
 i - 2 potions of cancellation
 j - 4 potions of resistance
 k - 5 potions of heal wounds
 m - 4 potions of haste
 n - 4 potions of berserk rage
 o - 7 potions of lignification
 q - 11 potions of ambrosia
 u - 8 potions of flight
 z - 10 potions of brilliance
 C - 6 potions of attraction
 Q - 3 potions of invisibility
 T - 6 potions of might
 Y - 5 potions of mutation
Miscellaneous
 c - a box of beasts
 B - a phantom mirror
 M - a lightning rod (4/4)


   Skills:
 - Level 19.1 Fighting
 - Level 14.0 Polearms
 - Level 1.0 Throwing
 - Level 14.0 Armour
 - Level 14.0 Dodging
 - Level 8.0 Stealth
 - Level 4.0 Shields
 + Level 15.2 Spellcasting
 - Level 21.0 Conjurations
 - Level 10.0 Summonings
 - Level 3.0 Translocations
 - Level 8.0 Fire Magic
 - Level 15.0 Air Magic
 - Level 2.0 Poison Magic
 - Level 8.0 Evocations


You had 18 spell levels left.
You knew the following spells:

 Your Spells              Type           Power      Damage    Failure   Level
a - Blink                 Tloc           N/A        N/A       12%         2
b - Fireball              Conj/Fire      29%        3d13      1%          5
c - Orb of Destruction    Conj           35%        9d13      1%          7
d - Mephitic Cloud        Conj/Pois/Air  54%        N/A       1%          3
e - Olgreb's Toxic Radia  Pois           19%        N/A       28%         4
f - Stone Arrow           Conj/Erth      96%        3d13      1%          3
g - Spellforged Servitor  Conj/Summ      30%        N/A       11%         7
h - Swiftness             Air            59%        N/A       1%          3

Your spell library contained the following spells:

 Spells                   Type           Power      Damage    Failure   Level
 Maxwell's Capacitive Co  Air            29%        ∞         65%         8
 Chain Lightning          Conj/Air       32%        3d43      98%         9
 Fire Storm               Conj/Fire      29%        8d7       100%        9
 Magic Dart               Conj           100%       1d8       0%          1
 Shock                    Conj/Air       100%       1d9       0%          1
 Searing Ray              Conj           100%       3d7       0%          2
 Poisonous Vapours        Pois/Air       82%        N/A       1%          2
 Airstrike                Air            29%        N/A       1%          4
 Fulminant Prism          Conj/Hex       24%        3d13      1%          4
 Iskenderun's Mystic Bla  Conj/Tloc      52%        2d11      1%          4
 Summon Lightning Spire   Summ/Air       53%        N/A       1%          4
 Iskenderun's Battlesphe  Conj           71%        2d12      1%          5
 Lightning Bolt           Conj/Air       32%        1d50      1%          5
 Conjure Ball Lightning   Conj/Air       32%        3x3d10    1%          6
 Irradiate                Conj/Tmut      24%        3d21      2%          5
 Inner Flame              Hex/Fire       26%        N/A       4%          3
 Bolt of Magma            Conj/Fire/Erth 22%        4d11      4%          5
 Ignite Poison            Fire/Tmut/Pois 24%        N/A       5%          3
 Summon Guardian Golem    Hex/Summ       29%        N/A       11%         3
 Gell's Gravitas          Tloc           11%        N/A       24%         3
 Lesser Beckoning         Tloc           11%        N/A       24%         3
 Teleport Other           Tloc           23%        N/A       24%         3
 Animate Armour           Summ/Erth      58%        N/A       34%         4
 Sublimation of Blood     Necr           6%         N/A       38%         2
 Portal Projectile        Hex/Tloc       36%        N/A       41%         3
 Passage of Golubria      Tloc           N/A        N/A       61%         4
 Ozocubu's Armour         Ice            12%        N/A       63%         3
 Tukima's Dance           Hex            12%        N/A       63%         3
 Lee's Rapid Deconstruct  Erth           6%         3d7*      85%         5
 Yara's Violent Unravell  Hex/Tmut       6%         3d5       85%         5
 Manifold Assault         Tloc           23%        N/A       91%         5
 Cause Fear               Hex            6%         N/A       95%         4
 Petrify                  Tmut/Erth      12%        N/A       95%         4
 Lehudib's Crystal Spear  Conj/Erth      24%        10d7      99%         8
 Blade Hands              Tmut           6%         N/A       100%        5
 Excruciating Wounds      Necr           6%         N/A       100%        5
 Metabolic Englaciation   Hex/Ice        6%         N/A       100%        5
 Dispersal                Tloc           11%        N/A       100%        6
 Simulacrum               Ice/Necr       6%         N/A       100%        6
 Statue Form              Tmut/Erth      8%         N/A       100%        6
 Discord                  Hex            6%         N/A       100%        8
 Disjunction              Tloc           11%        N/A       100%        8
 Ignition                 Fire           20%        3d7       100%        8


Dungeon Overview and Level Annotations

Branches:
Dungeon (15/15)            Temple (1/1) D:6            Lair (6/6) D:8
 Shoals (4/4) Lair:3       Spider (4/4) Lair:2        Slime (4/5) Lair:6
    Orc (2/2) D:10            Elf (3/3) Orc:2        Vaults (4/5) D:13
  Crypt (0/3) Vaults:3     Depths (1/5) D:15        Ossuary (visited)

Altars:
Ashenzari
Cheibriados
Dithmenos
Elyvilon
Fedhas
Gozag
Hepliaklqana
Kikubaaqudgha
Makhleb
Nemelex Xobeh
Okawaru
Ru
Sif Muna
Trog
Uskayaw
Vehumet
Wu Jian
Xom
Yredelemnul
Zin
The Shining One
Lugonu

Shops:
D:1 *   D:4 =*[*   D:6 !   Orc:2 [=?*   Elf:2 *   Elf:3 :   Shoals:1 ?
Depths:1 [

Portals:
Hell: Depths:1
Abyss: Shoals:1
Trove: Elf:2 (give 16 scrolls of teleportation)

Annotations:
D:2 1 runed translucent door, Crazy Yiuf
D:11 exclusion: downstairs
D:13 2 transporters, exclusion: 2 ice statues, Skimidon's ghost, journeyman MiFi
Lair:2 exclusion: downstairs
Lair:6 exclusion: obsidian statue
Shoals:4 2 transporters, Teryn's ghost, journeyman DsAK
Spider:1 exclusion: downstairs
Spider:2 2 runed translucent doors, exclusion: downstairs, endersaim's ghost, adept MfSk
Spider:4 2 transporters, Nuqinleag's ghost, adept GrEE
Slime:1 exclusion: downstairs
Slime:2 exclusion: 2 downstairs
Elf:2 3 runed translucent doors
Vaults:4 Aizul


Innate Abilities, Weirdness & Mutations

You have a beak for a mouth.
You have claws for feet.
Your magical nature lets you fly swiftly and evasively.
You are frail. (-10% HP)
Your magical capacity is low. (-10% MP)


Message History

You resist with almost no effort. The golden eye blinks at you.
You resist with almost no effort. The golden eye blinks at you.
You resist with almost no effort. The golden eye blinks at you.
You resist with almost no effort. The acid blob spits acid at you.
The splash of acid hits you. You resist.
* * * LOW HITPOINT WARNING * * *
You are splashed with acid.
You resist.
* * * LOW HITPOINT WARNING * * *
The golden eye blinks!
You feel much better.
You are splashed with acid.
You resist.
* * * LOW HITPOINT WARNING * * *
The golden eye blinks!
The rockslime closely misses you. The golden eye blinks at you.
You are more confused.
The golden eye blinks at you.
You easily resist.
The golden eye blinks at you.
You are more confused.
The acid blob spits acid at you. The splash of acid hits you. You resist.
* * * LOW HITPOINT WARNING * * *
The acid corrodes you!
You are splashed with acid.
You resist.
* * * LOW HITPOINT WARNING * * *
Your magical effects are unravelling.
You feel magically purged.
You are splashed with acid.
You resist.
* * * LOW HITPOINT WARNING * * *
You feel less confused.
Your resistance to elements expires.
You are no longer corroded.
The golden eye blinks!
The rockslime hits you but does no damage.
The golden eye blinks!
The acid blob hits you.
* * * LOW HITPOINT WARNING * * *
You are splashed with acid.
You resist.
* * * LOW HITPOINT WARNING * * *
The rockslime hits you!!
You die...

#### ###
###.#.##.##
.#.........### #
........#....#.##
....#...#.......##
.......§.G>......#
.................#
#...GJJJ.........
.#...G@GG...G....
#....#.G#.#§..G..
#... .....#......
##. ..#..........
# ..###.........
... ..#..... ##..
...#.^ ## #.##..


You could see 2 acid blobs, a rockslime and 7 golden eyes.

Vanquished Creatures
  Bai Suzhen (Spider:3)
  Arachne (Spider:3)
  Rupert (D:14)
  3 deep elf blademasters
  A titan (Vaults:4)
  2 deep elf master archers (Elf:3)
  Asterion (Vaults:1)
  9 acid blobs
  Gastronok (Lair:3)
  2 sphinxes
  The ghost of Adoajy the Bludgeoner, an adept DsWr of Ru (Vaults:3)
  A tentacled starspawn (Abyss:2)
  7 azure jellies
  Kirke (D:12)
  Donald (Lair:2)
  2 fire giants
  3 rockslimes
  5 ghost moths
  6 deep elf sorcerers
  10 vault wardens
  A caustic shrike zombie (D:15)
  2 orc warlords
  4 emperor scorpions (Spider:4)
  4 deep elf elementalists (Elf:3)
  13 ironbound preservers
  7 very ugly things
  An ophan (Abyss:3)
  2 stone giants
  5 quicksilver oozes
  5 entropy weavers
  An entropy weaver (shapeshifter) (Vaults:4)
  12 dire elephants
  6 deep elf annihilators (Elf:3)
  2 deep elf demonologists (Elf:3)
  6 deep elf death magi (Elf:3)
  Snorg (Lair:4)
  An ettin (shapeshifter) (Elf:3)
  2 ettins
  7 merfolk javelineers (Shoals:4)
  6 yaktaur captains
  3 merfolk impalers
  3 deep elf high priests (Elf:3)
  8 great orbs of eyes
  4 boulder beetles
  12 vault guards
  9 hydras
  A peacekeeper (Vaults:3)
  10 ironbound frosthearts
  9 ironbound thunderhulks
  3 centaur warriors
  A death knight (D:13)
  4 merfolk aquamancers (Shoals:4)
  A two-headed ogre (shapeshifter) (Vaults:2)
  Erica (D:9)
  2 ogre magi
  A merfolk avatar (Shoals:2)
  8 two-headed ogres
  A tengu warrior (D:13)
  9 death yaks
  10 dancing weapons
  2 vampire magi
  4 ironbound beastmasters
  5 orc high priests
  17 deep elf knights
  A sun demon (Abyss:3)
  A fire crab (shapeshifter) (Elf:3)
  A fire crab (Lair:6)
  Nergalle (Lair:2)
  2 spectral death yaks (Lair:6)
  15 sea snakes
  8 skeletal warriors
  3 goliath frogs (Shoals:4)
  A spectral anaconda (Lair:6)
  28 deep trolls
  4 large abominations
  11 deep elf archers
  17 wizards
  A flayed ghost (Abyss:3)
  14 ironbound convokers
  4 orc knights
  A sphinx zombie (D:15)
  22 deep elf zephyrmancers
  An oklob plant (Lair:5)
  30 harpies
  A frost giant zombie (D:15)
  33 wolf spiders
  22 deep elf pyromancers
  A harpy (shapeshifter) (D:14)
  6 necromancers
  23 orb spiders
  A faun (shapeshifter) (Elf:3)
  4 orc sorcerers
  8 cyclopes
  2 moths of wrath
  31 ugly things
  7 manticores
  2 shining eyes
  14 fauns
  7 water nymphs
  26 elephants
  An elephant (shapeshifter) (Elf:3)
  2 human skeletons (Vaults:4)
  11 merfolk sirens
  3 torpor snails
  2 smoke demons (Abyss:3)
  A gargoyle (D:11)
  17 vault sentinels
  3 black mambas (Lair:5)
  An unseen horror (D:12)
  14 komodo dragons
  A dire elephant skeleton (Lair:6)
  16 cane toads
  20 demonic crawlers
  5 kobold demonologists
  4 rime drakes
  An efreet (D:13)
  2 freezing wraiths
  22 yaktaurs
  A tengu conjurer (D:13)
  A guardian mummy (Elf:2)
  A queen bee (Spider:4)
  35 jumping spiders
  A polar bear (shapeshifter) (Elf:3)
  2 ancient zymes (Abyss:2)
  21 merfolk
  6 trolls
  3 meliai (Spider:4)
  A red devil (Abyss:2)
  A queen bee (shapeshifter) (Elf:3)
  5 harpy zombies (Shoals:2)
  6 polar bears
  5 hornets
  78 slime creatures
  4 wind drakes
  2 raiju
  16 dream sheep
  6 blink frogs
  A blink frog (shapeshifter) (Elf:3)
  13 snapping turtles
  16 water elementals
  81 redbacks
  An air elemental (Elf:1)
  41 tarantellas
  6 wyverns
  64 yaks
  3 vampires (Vaults:3)
  2 shadows
  A ynoxinul (Abyss:3)
  5 wraiths
  5 hogs
  A fire bat (Abyss:2)
  2 vampire mosquitoes (D:10)
  3 fire elementals
  6 basilisks
  A fire bat (shapeshifter) (Elf:3)
  4 golden eyes (Slime:1)
  A steam dragon (D:8)
  A tengu zombie (D:15)
  A death yak simulacrum (Lair:6)
  Edmund (D:5)
  Menkaure (D:7)
  An acid dragon (D:8)
  A floating eye (Slime:2)
  12 water moccasins
  An ogre skeleton (Vaults:4)
  2 manticore zombies (Shoals:2)
  3 ice beasts
  2 necrophages
  An elephant zombie (Lair:6)
  2 sky beasts
  19 orc warriors
  2 black bears
  3 boggarts (D:15)
  6 wolves
  13 ogres
  17 centaurs
  2 phantoms
  An elephant skeleton (Lair:6)
  2 elf zombies (Ossuary)
  18 bullfrogs
  3 kobold brigands
  3 gnoll sergeants
  3 earth elementals
  A wyvern zombie (D:7)
  2 scorpions
  2 water moccasin skeletons (D:6)
  2 elephant simulacra (Lair:6)
  3 troll zombies (D:10)
  5 small abominations
  28 killer bees
  4 howler monkeys
  5 electric eels
  9 jellies (Lair:5)
  6 centaur zombies
  A hound (D:5)
  A human zombie (Ossuary)
  21 orc priests
  2 gnoll shamans
  4 iguanas
  Jessica (D:3)
  Natasha (thrice) (D:3)
  25 orc wizards
  2 killer bee zombies
  3 ogre zombies (D:10)
  4 mummies (Ossuary)
  27 gnolls
  3 adders
  2 shadow imps (D:8)
  A white imp (D:7)
  An ufetubus (Abyss:2)
  An adder zombie (Ossuary)
  2 worms
  53 orcs
  2 ball pythons (D:2)
  16 endoplasms
  4 giant cockroaches
  6 goblins
  5 hobgoblins
  3 jackals (D:2)
  3 quokkas (D:1)
  5 bats
  2 frilled lizards (D:2)
  A gnoll zombie (Ossuary)
  3 goblin zombies
  6 hobgoblin zombies
  18 kobolds
  A kobold zombie (Ossuary)
  An orc skeleton (D:10)
  13 orc zombies
  5 rats
  2 rat zombies (Ossuary)
  A lurking horror (Shoals:1)
  A starspawn tentacle (Abyss:2)
1650 creatures vanquished.

Vanquished Creatures (collateral kills)
  A merfolk avatar (Shoals:4)
  An ironbound frostheart (Vaults:4)
  A satyr (Shoals:4)
  A wizard (Vaults:4)
  A wolf spider (Spider:3)
  A wind drake (Shoals:4)
  A snapping turtle (Shoals:4)
  A hornet (Spider:4)
8 creatures vanquished.

Vanquished Creatures (others)
  A hydra (D:13)
  A redback (Spider:2)
  A bullfrog (Lair:3)
  2 foxfires (Abyss:2)
  44 fungi
  100 plants
  7 starspawn tentacles (Abyss:2)
  33 withered plants
189 creatures vanquished.

Grand Total: 1847 creatures vanquished

Notes
Turn   | Place    | Note
-------+----------+-------------------------------------------
     0 | D:1      | ABBCCCDDDD the Tengu Warper began the quest for the Orb.
     0 | D:1      | Reached XP level 1. HP: 12/12 MP: 4/4
   228 | D:1      | Reached XP level 2. HP: 11/17 MP: 6/6
   343 | D:1      | Found a faded altar of an unknown god.
   459 | D:1      | Reached skill level 1 in Stealth
   809 | D:1      | Found Udere's General Store.
  1329 | D:1      | Bought a scroll of identify for 22 gold pieces
  1406 | D:2      | Reached XP level 3. HP: 22/22 MP: 7/7
  2230 | D:2      | Found a runed translucent door.
  2231 | D:2      | Noticed Crazy Yiuf
  2461 | D:3      | Learned a level 2 spell: Blink
  2769 | D:3      | Noticed Jessica
  2939 | D:3      | Noticed Natasha
  2949 | D:3      | Killed Natasha
  2950 | D:3      | Reached XP level 4. HP: 25/27 MP: 8/8
  3021 | D:3      | Noticed Natasha
  3025 | D:3      | Killed Natasha
  3063 | D:3      | Found a white marble altar of Elyvilon.
  3204 | D:3      | Noticed Natasha
  3213 | D:3      | Killed Natasha
  3214 | D:3      | Reached skill level 1 in Evocations
  3214 | D:3      | Gained mutation: Your magical nature lets you fly swiftly
                  | and evasively. [Tengu growth]
  3214 | D:3      | Reached XP level 5. HP: 25/32 MP: 9/9
  3455 | D:3      | Killed Jessica
  3647 | D:4      | Found Kekumuntola's Jewellery Boutique.
  3772 | D:4      | Reached XP level 6. HP: 37/37 MP: 10/10
  3919 | D:4      | Found Jemme Caf's Armour Boutique.
  3943 | D:4      | Found Joeplyff's Assorted Antiques.
  3953 | D:4      | Bought a scroll labelled ABIRHA FUIWYO for 25 gold pieces
  3953 | D:4      | Bought a scroll labelled LOTUAN DEDGH for 25 gold pieces
  4007 | D:4      | Found Niemuliu's General Store.
  4015 | D:4      | Bought a scroll of teleportation for 33 gold pieces
  4546 | D:5      | Entered Level 5 of the Dungeon
  4643 | D:5      | Noticed Edmund
  4691 | D:5      | Killed Edmund
  4692 | D:5      | Reached XP level 7. HP: 43/43 MP: 11/11
  4819 | D:5      | Reached skill level 5 in Polearms
  5032 | D:5      | Identified the +1 helmet of Yredelemnul's Approval {rN+
                  | SInv}
  5045 | D:5      | Noticed a yak
  5054 | D:5      | Found a blossoming altar of Fedhas.
  5295 | D:5      | Noticed a yak
  5345 | D:5      | Killed a yak
  5397 | D:5      | Noticed a yak
  5430 | D:5      | Reached XP level 8. HP: 48/48 MP: 12/12
  5466 | D:5      | Killed a yak
  5563 | D:5      | Noticed a yak
  5630 | D:5      | Killed a yak
  5631 | D:5      | Reached skill level 5 in Fighting
  5631 | D:5      | Reached skill level 5 in Stealth
  5741 | D:5      | Killed a yak
  6553 | D:5      | Reached skill level 5 in Evocations
  6553 | D:5      | Reached XP level 9. HP: 41/55 MP: 13/13
  6829 | D:5      | Learned a level 3 spell: Gell's Gravitas
  6908 | D:5      | Found a shimmering blue altar of Sif Muna.
  7580 | D:6      | Found a sand-covered staircase.
  7584 | Ossuary  | Entered an ossuary
  7953 | D:6      | Found a staircase to the Ecumenical Temple.
  7993 | Temple   | Entered the Ecumenical Temple
  8026 | Temple   | Became a worshipper of Vehumet
  8182 | D:6      | You are sucked into a shaft and drop 3 floors!
  8218 | D:9      | Found a sacrificial altar of Ru.
  8488 | D:7      | Noticed Menkaure
  8568 | D:7      | Noticed a kobold demonologist
  8580 | D:7      | Killed a kobold demonologist
  9120 | D:6      | Found the +8 Wrath of Trog {antimagic, *Rage Rampage}
  9352 | D:6      | Reached XP level 10. HP: 60/60 MP: 15/15
  9547 | D:6      | Found Pulein's Distillery.
  9565 | D:6      | Bought a potion of curing for 36 gold pieces
  9565 | D:6      | Bought a potion of degeneration for 12 gold pieces
  9598 | D:6      | Identified the +0 scale mail of the Thistle {Fly rElec
                  | Str+2}
  9618 | D:6      | Identified the +2 helmet of Mental Paralysis {Dex+2}
  9768 | D:6      | Found a glowing golden altar of the Shining One.
  9916 | D:6      | Reached * piety under Vehumet
  9916 | D:6      | Offered knowledge of Shock by Vehumet.
 10119 | D:6      | Learned a level 1 spell: Shock
 10360 | D:7      | Killed Menkaure
 10361 | D:7      | Reached skill level 1 in Conjurations
 10832 | D:8      | Reached skill level 2 in Conjurations
 11045 | D:8      | Noticed a two-headed ogre
 11491 | D:8      | Found a staircase to the Lair.
 11751 | D:8      | Reached skill level 3 in Conjurations
 12097 | D:8      | Found a snail-covered altar of Cheibriados.
 12387 | D:8      | Killed a two-headed ogre
 12388 | D:8      | Reached skill level 4 in Conjurations
 12409 | D:8      | Noticed a centaur warrior
 12450 | D:8      | Offered knowledge of Magic Dart by Vehumet.
 12493 | D:8      | Reached ** piety under Vehumet
 13109 | D:9      | Reached skill level 5 in Conjurations
 13109 | D:9      | Reached XP level 11. HP: 64/64 MP: 16/16
 13246 | D:9      | Reached skill level 5 in Dodging
 13246 | D:9      | Reached skill level 1 in Shields
 13590 | D:9      | Noticed a two-headed ogre
 13621 | D:9      | Killed a two-headed ogre
 13622 | D:9      | Reached skill level 5 in Armour
 13622 | D:9      | Reached skill level 6 in Conjurations
 13744 | D:9      | Noticed Erica
 13771 | D:9      | Killed Erica
 13772 | D:9      | Reached skill level 7 in Conjurations
 14619 | D:10     | Entered Level 10 of the Dungeon
 14711 | D:10     | Found a burning altar of Makhleb.
 14759 | D:10     | Identified the +1 leather armour of the Equinox {Harm
                  | Regen+ Stlth+}
 15139 | D:9      | Offered knowledge of Conjure Flame by Vehumet.
 15594 | D:10     | Found a staircase to the Orcish Mines.
 15843 | D:10     | Reached *** piety under Vehumet
 16127 | Lair:1   | Entered Level 1 of the Lair of Beasts
 16339 | Lair:1   | Reached skill level 8 in Conjurations
 16574 | Lair:1   | Offered knowledge of Mephitic Cloud by Vehumet.
 16590 | Lair:1   | Learned a level 3 spell: Mephitic Cloud
 16793 | Lair:1   | Reached skill level 1 in Air Magic
 16825 | Lair:1   | Reached skill level 1 in Poison Magic
 16845 | Lair:1   | Reached XP level 12. HP: 50/71 MP: 17/17
 17132 | Lair:1   | Noticed a five-headed hydra
 17895 | Lair:1   | Killed a five-headed hydra
 18018 | Lair:1   | Reached skill level 9 in Conjurations
 18582 | Lair:2   | Found a hole to the Spider Nest.
 19267 | Lair:2   | Noticed a six-headed hydra
 19326 | Lair:1   | Killed a six-headed hydra
 19859 | Lair:2   | Reached skill level 5 in Air Magic
 20077 | Lair:2   | Reached skill level 10 in Conjurations
 20302 | Lair:2   | Reached **** piety under Vehumet
 20495 | Lair:3   | Noticed Nergalle
 20731 | D:8      | Killed a centaur warrior
 21022 | D:8      | Offered knowledge of Olgreb's Toxic Radiance by Vehumet.
 21043 | D:8      | Reached XP level 13. HP: 72/78 MP: 18/18
 21507 | D:10     | Learned a level 4 spell: Olgreb's Toxic Radiance
 21826 | Orc:1    | Entered Level 1 of the Orcish Mines
 22794 | D:10     | Reached ***** piety under Vehumet
 23102 | D:11     | Identified the amulet of Xuwneat {*Slow Will- Regen+ rCorr
                  | SInv}
 23493 | D:11     | Offered knowledge of Spellforged Servitor by Vehumet.
 23767 | D:11     | Reached skill level 11 in Conjurations
 23994 | D:11     | Identified the +9 quarterstaff of Wealth {venom, Dex+7}
 24041 | D:11     | Learned a level 3 spell: Stone Arrow
 24661 | Lair:2   | Killed Nergalle
 26068 | Lair:3   | Noticed Gastronok
 26273 | Lair:3   | Killed Gastronok
 26459 | Lair:3   | Found a staircase to the Shoals.
 27231 | Lair:4   | Noticed Snorg
 27479 | Lair:4   | Killed Snorg
 28347 | Lair:5   | Reached XP level 14. HP: 54/86 MP: 22/22
 28360 | Lair:4   | Reached skill level 12 in Conjurations
 28978 | Lair:5   | Reached skill level 5 in Spellcasting
 29404 | Lair:4   | Reached skill level 10 in Dodging
 29507 | Lair:5   | Reached skill level 10 in Armour
 29516 | Lair:5   | Reached skill level 10 in Fighting
 30999 | Lair:5   | Learned a level 7 spell: Spellforged Servitor
 31113 | Lair:6   | Entered Level 6 of the Lair of Beasts
 31781 | Lair:6   | Offered knowledge of Iskenderun's Battlesphere by Vehumet.
 33014 | Lair:5   | Reached skill level 10 in Polearms
 33198 | Lair:6   | Found a staircase to the Slime Pits.
 33467 | Lair:6   | Noticed a dire elephant
 33467 | Lair:6   | Noticed a dire elephant
 33467 | Lair:6   | Noticed a dire elephant
 33467 | Lair:6   | Noticed a dire elephant
 33468 | Lair:6   | Noticed a dire elephant
 33561 | Lair:6   | Killed a dire elephant
 34810 | Lair:5   | Reached XP level 15. HP: 72/93 MP: 25/25
 37860 | Lair:6   | Got the Incunabulum of Torrid Hexes
 38006 | Lair:1   | Learned a level 7 spell: Orb of Destruction
 38077 | Shoals:1 | Entered Level 1 of the Shoals
 38091 | Shoals:1 | Offered knowledge of Freezing Cloud by Vehumet.
 38722 | Orc:2    | Entered Level 2 of the Orcish Mines
 38852 | Orc:2    | Found a staircase to the Elven Halls.
 40718 | Orc:2    | Found Corgh's Armour Shoppe.
 40718 | Orc:2    | Found Yhepreaq's Magic Scroll Emporium.
 40982 | Orc:2    | Found Axtaraet's General Store.
 40984 | Orc:2    | Found Lafren's Jewellery Shoppe.
 41010 | Orc:2    | Bought a +0 scale mail of willpower for 154 gold pieces
 41010 | Orc:2    | Bought a +0 pair of gloves for 63 gold pieces
 41283 | Orc:2    | Reached skill level 13 in Conjurations
 41562 | D:11     | Offered knowledge of Starburst by Vehumet.
 41774 | D:12     | Noticed Kirke
 42550 | D:12     | Found a bloodstained altar of Trog.
 42871 | Orc:2    | Bought a ring of poison resistance for 260 gold pieces
 42871 | Orc:2    | Bought a ring of see invisible for 195 gold pieces
 43101 | D:12     | Killed Kirke
 43289 | D:13     | Found a transporter.
 43296 | D:13     | Found a transporter.
 43318 | D:13     | Reached skill level 14 in Conjurations
 43336 | D:13     | Noticed Skimidon's ghost (journeyman MiFi)
 44150 | D:13     | Reached XP level 16. HP: 101/101 MP: 16/29
 44654 | D:13     | Reached skill level 15 in Conjurations
 45700 | D:13     | Found a gate to the Vaults.
 46001 | D:13     | Reached skill level 16 in Conjurations
 46018 | D:13     | You are sucked into a shaft and drop 2 floors!
 46018 | D:15     | Entered Level 15 of the Dungeon
 46206 | D:14     | Noticed Rupert
 46231 | D:14     | Killed Rupert
 46781 | D:14     | Reached skill level 1 in Summonings
 47357 | Shoals:1 | Learned a level 5 spell: Fireball
 47579 | Shoals:1 | Identified the +1 plate armour "Taipro" {rElec rC+ SInv}
 47785 | Shoals:1 | Found a corrupted altar of Lugonu.
 47788 | Shoals:1 | Found a one-way gate to the infinite horrors of the Abyss.
 48626 | Shoals:1 | Reached skill level 17 in Conjurations
 48778 | Shoals:1 | Found Gegg's Magic Scroll Shoppe.
 48788 | Shoals:1 | Bought a scroll of teleportation for 39 gold pieces
 48788 | Shoals:1 | Bought a scroll of blinking for 97 gold pieces
 48788 | Shoals:1 | Bought a scroll of silence for 97 gold pieces
 48788 | Shoals:1 | Bought a scroll of identify for 26 gold pieces
 48788 | Shoals:1 | Bought a scroll of identify for 26 gold pieces
 48788 | Shoals:1 | Bought a scroll of identify for 26 gold pieces
 48788 | Shoals:1 | Bought a scroll of identify for 26 gold pieces
 49458 | Shoals:2 | Reached skill level 5 in Summonings
 49717 | Shoals:2 | Reached skill level 1 in Fire Magic
 50153 | Shoals:2 | Offered knowledge of Lightning Bolt by Vehumet.
 51098 | Shoals:3 | Reached XP level 17. HP: 104/106 MP: 19/31
 51719 | Shoals:3 | Reached skill level 5 in Fire Magic
 52168 | Shoals:4 | Entered Level 4 of the Shoals
 52987 | Shoals:4 | Reached skill level 10 in Spellcasting
 55183 | Shoals:4 | Offered knowledge of Iron Shot by Vehumet.
 56447 | Shoals:4 | Found a transporter.
 56447 | Shoals:4 | Noticed Teryn's ghost (journeyman DsAK)
 56453 | Shoals:4 | Found a transporter.
 56482 | Shoals:4 | Learned a level 3 spell: Swiftness
 56607 | Shoals:4 | Got a barnacled rune of Zot
 56619 | Shoals:4 | Noticed a kraken
 56900 | Spider:1 | Entered Level 1 of the Spider Nest
 57915 | Spider:1 | Noticed Donald
 58209 | Lair:2   | Killed Donald
 58326 | Spider:1 | Offered knowledge of Ozocubu's Refrigeration by Vehumet.
 58865 | Spider:1 | Reached XP level 18. HP: 81/112 MP: 23/33
 59447 | Spider:1 | Reached skill level 10 in Summonings
 59841 | Spider:1 | Reached skill level 18 in Conjurations
 62238 | Spider:2 | Noticed endersaim's ghost (adept MfSk)
 62239 | Spider:2 | Found a large runed translucent door.
 62240 | Spider:2 | Found a large runed translucent door.
 62521 | Spider:3 | Noticed Arachne
 62911 | Spider:3 | Killed Arachne
 64599 | Spider:4 | Entered Level 4 of the Spider Nest
 64654 | Spider:4 | Noticed Nuqinleag's ghost (adept GrEE)
 64661 | Spider:4 | Found a transporter.
 64987 | Spider:4 | Reached ****** piety under Vehumet
 65009 | Spider:3 | Offered knowledge of Fire Storm by Vehumet.
 65009 | Spider:3 | Offered knowledge of Chain Lightning by Vehumet.
 65009 | Spider:3 | Offered knowledge of Maxwell's Capacitive Coupling by
                  | Vehumet.
 65449 | Spider:4 | Found a transporter.
 65563 | Spider:4 | Noticed Bai Suzhen
 65730 | Spider:3 | Killed Bai Suzhen
 66292 | Spider:4 | Reached XP level 19. HP: 99/119 MP: 3/36
 67778 | Spider:4 | Got a gossamer rune of Zot
 68310 | Orc:2    | Bought a scroll of fear for 42 gold pieces
 68310 | Orc:2    | Bought a potion of heal wounds for 60 gold pieces
 68310 | Orc:2    | Bought a potion of might for 48 gold pieces
 68311 | Orc:2    | Bought a scroll of fog for 22 gold pieces
 68311 | Orc:2    | Bought a scroll of holy word for 82 gold pieces
 68457 | Vaults:1 | Entered Level 1 of the Vaults
 69709 | Vaults:1 | Paralysed by a great orb of eyes for 6 turns
 69721 | Vaults:1 | Paralysed by a great orb of eyes for 5 turns
 70598 | Vaults:1 | Noticed Asterion
 70834 | Vaults:1 | Killed Asterion
 72382 | Vaults:2 | Reached XP level 20. HP: 125/128 MP: 15/39
 72881 | Vaults:2 | Found a gateway to a bazaar.
 72897 | Bazaar   | Entered a bazaar
 72897 | Bazaar   | Found Ziad's Antique Armour Boutique.
 72897 | Bazaar   | Found Wyti Xergh's General Store.
 72910 | Bazaar   | Found Koevum's Assorted Antiques.
 72918 | Bazaar   | Bought a scroll of magic mapping for 98 gold pieces
 72918 | Bazaar   | Bought a scroll of teleportation for 84 gold pieces
 72925 | Bazaar   | Found Ugydauri's Magic Scroll Shoppe.
 72937 | Bazaar   | Found Iruji's Book Shop.
 72946 | Bazaar   | Bought a manual of Fighting for 720 gold pieces
 72999 | Bazaar   | Bought a scroll of fear for 52 gold pieces
 72999 | Bazaar   | Bought a scroll of fear for 52 gold pieces
 72999 | Bazaar   | Bought a scroll of fog for 30 gold pieces
 72999 | Bazaar   | Bought 2 scrolls of teleportation for 90 gold pieces
 72999 | Bazaar   | Bought a scroll of teleportation for 45 gold pieces
 73011 | Bazaar   | Bought a potion of brilliance for 48 gold pieces
 73321 | Vaults:2 | Reached skill level 15 in Fighting
 73482 | Vaults:2 | Reached skill level 19 in Conjurations
 74775 | Vaults:3 | Found a staircase to the Crypt.
 74892 | Vaults:3 | Reached skill level 20 in Conjurations
 75451 | Vaults:3 | Found a runed translucent door.
 75451 | Vaults:3 | Noticed Adoajy's ghost (adept DsWr)
 75517 | Vaults:3 | Killed Adoajy's ghost
 77252 | Vaults:4 | Paralysed by a sphinx for 4 turns
 78359 | Vaults:4 | Reached XP level 21. HP: 126/134 MP: 32/40
 78500 | Vaults:4 | Reached skill level 21 in Conjurations
 78500 | Vaults:4 | Reached skill level 10 in Air Magic
 80096 | Vaults:4 | Cast into level 2 of the Abyss (a deep elf sorcerer)
 80215 | Abyss:2  | Gained mutation: You are extremely frail. (-30% HP) [a
                  | neqoxec]
 80282 | Abyss:2  | Found a corrupted altar of Lugonu.
 80345 | Abyss:2  | Noticed a bone dragon
 80429 | Abyss:2  | Found a corrupted altar of Lugonu.
 80803 | Vaults:4 | Escaped the Abyss
 81020 | Vaults:4 | Noticed Aizul
 82189 | D:15     | Found a staircase to the Depths.
 83296 | Depths:1 | Entered Level 1 of the Depths
 83296 | Depths:1 | Found Liagues's Antique Armour Shoppe.
 83312 | Depths:1 | Bought an ancient buckler for 323 gold pieces
 83312 | Depths:1 | Identified the -1 buckler of Purpose {rPois rC++ Int-4}
                  | (You bought it in a shop on level 1 of the Depths)
 83328 | Depths:1 | Found a broken altar of Ashenzari.
 83349 | Depths:1 | Found a gateway to Hell.
 83592 | Elf:1    | Entered Level 1 of the Elven Halls
 84384 | Elf:1    | Reached XP level 22. HP: 128/128 MP: 7/41
 85516 | Elf:2    | Found Wiemiuwu's Assorted Antiques.
 85561 | Elf:2    | Bought a scroll labelled SYATISE HIWUBU for 31 gold pieces
 86260 | Elf:2    | Found a runed translucent gate.
 86260 | Elf:2    | Found a runed translucent gate.
 86262 | Elf:2    | Found a runed translucent gate.
 86448 | Elf:2    | Found a portal to a secret trove of treasure.
 86847 | Elf:3    | Entered Level 3 of the Elven Halls
 87276 | Elf:3    | Identified the +5 lajatang "Doxowna" {vorpal, Fly rCorr
                  | Str-2 Dex+3}
 87759 | Elf:3    | Found Neir's Book Boutique.
 88295 | Elf:3    | Identified the +1 chain mail of Somewhere Else {rCorr Str+2
                  | Int-4 Stlth+}
 88307 | Elf:3    | Identified the +9 short sword of the Bear {holy, rCorr
                  | Int+3}
 89821 | Elf:3    | Cast into level 3 of the Abyss (a deep elf demonologist)
 89822 | Abyss:3  | Found a corrupted altar of Lugonu.
 90194 | Elf:3    | Escaped the Abyss
 91371 | Elf:3    | Identified the +0 pair of boots of Free Will {rF+ rC+ Str-2
                  | Slay+2}
 91415 | Elf:3    | Got the Guide on the Cloudy Rocks
 91766 | Slime:1  | Entered Level 1 of the Pits of Slime
 92948 | Slime:2  | Reached XP level 23. HP: 106/139 MP: 22/42
 94141 | Slime:2  | Gained mutation: Your magical capacity is low. (-10% MP) [a
                  | shining eye]
 95363 | Slime:3  | Reached skill level 15 in Air Magic
 95400 | Slime:4  | Reached skill level 15 in Spellcasting
 95667 | Slime:4  | Paralysed by a great orb of eyes for 5 turns
 95718 | Slime:3  | Slain by a rockslime

Illustrated notes

Levels and vault maps discovered:
D:1:      sevenhm_arrival_forest_fort_small_5, layout_loops_ring,
          dreamdust_ecumenical_altar_grove, serial_shops,
          nicolae_shop_temple_entry_statues_fountains
D:2:      layout_basic, uniq_crazy_yiuf_cottage
D:3:      layout_loops_corners, nicolae_elyvilon_peaceful_grove, uniq_jessica,
          uniq_natasha
D:4:      cheibrodos_thug_alley, layout_basic, serial_shops, shop, shop_statue,
          nicolae_shop_waterfront, shop_statue
D:5:      layout_basic, general_overflow_altar, nicolae_sif_muna_condensation,
          uniq_edmund
D:6:      layout_cave_pods, mainiacjoe_overflow_swirl,
          minmay_temple_entry_crystal_x, enter_ossuary_5, serial_shops, shop,
          grunt_potential
D:7:      layout_cave_pools, uniq_menkaure
D:8:      kennysheep_windowed_halls, layout_layer_cave, cheibrodos_worm_habitat,
          lair_entry_dummy, minivault_25, water_boxes_lemuel
D:9:      layout_layer_cave, hangedman_ru_absence, uniq_erica
D:10:     layout_long_grid, mainiacjoe_overflow_24_doors, zombieorc1_lemuel
D:11:     layout_small_grid
D:12:     layout_irregular_city, trog_ov_bears_minmay, uniq_kirke
D:13:     layout_roguey, erik_vaults_2, nzn_ghost_randoct
D:14:     layout_rooms, uniq_rupert
D:15:     gammafunk_depths_entry_grave, layout_basic,
          chequers_serial_rivers_micro_d
Temple:   nicolae_temple_great_sept
Lair:1:   layout_chaotic_city, lemuel_fruit_tree
Lair:2:   layout_chaotic_city, spider_nest_entry_funnel_web,
          cheibrodos_lair_lostbears, grunt_megastairs_3
Lair:3:   layout_concentric_octagons, minmay_shoals_entry_centaurs,
          beast_lair_carwin_2, serial_bayou_shore_a,
          infiniplex_staircase_pool_2, uniq_nergalle, uniq_gastronok
Lair:4:   layout_regular_city, minivault_11, chequers_serial_rivers_small_a,
          uniq_snorg
Lair:5:   lemuel_slime, layout_misc_corridors, grunt_megastairs_1
Lair:6:   due_jungle_book, layout_regular_city, dpeg_slime_entry_corner
Shoals:1: layout_shoals, serial_shops, shop, amcnicky_altar_lugonu_corruption
Shoals:2: layout_shoals, nicolae_shoals_undead_eyrie
Shoals:3: layout_shoals
Shoals:4: shoals_end_simple, layout_shoals, ebering_ghost_davey_jones,
          nicolae_shoals_circle_sea_wall, nicolae_shoals_goliath_grotto
Spider:1: layout_spider_delve, uniq_donald
Spider:2: layout_spider_delve, ebering_ghost_disaster_area
Spider:3: layout_chambers, uniq_arachne
Spider:4: spider_rune_water, gammafunk_ghost_arena, special_room
          [special_room_bee], drop_trap, uniq_bai_suzhen
Slime:1:  layout_caves, nicolae_slime_barrier, nicolae_slime_phagocytosis
Slime:2:  layout_caves
Slime:3:  layout_caves
Slime:4:  layout_caves
Orc:1:    layout_caves
Orc:2:    st_orc_mages, layout_caves, guppyfry_library_mini
Elf:1:    cheibrodos_elf_bladeworks, layout_loops_corners,
          minmay_elf_crystal_hexagon
Elf:2:    elven_hall_of_blades_hangedman_original
          [nicolae_blade_entry_antechamber], layout_loops_corners,
          nicolae_trove_entry_path_of_doom, serial_shops,
          nicolae_shop_overgrown_old_shop, kilobyte_mutagenic_chamber
Elf:3:    minmay_elf_hall_furrowed, layout_rooms, serial_shops,
          nicolae_shop_statue_plus, nicolae_elf_shapeshifter_party
Vaults:1: vaults_room_octagon, ontoclasm_vaults_tryst,
          vaults_mumra_chevron_long, nicolae_vaults_little_squares_3, v_misc_5,
          ontoclasm_vaults_bender, grunt_vaults_twisty,
          nicolae_vaults_mini_display_case, nicolae_vaults_little_squares_2,
          grunt_vaults_hallway_short, v_pattern_5, vaults_dpeg_encased_lava,
          v_misc_27, layout_vaults_ring, uniq_asterion
Vaults:2: st_eye, nicolae_vaults_border_crossing, ontoclasm_vaults_pinch,
          v_pattern_2, v_rooms_3, ontoclasm_vaults_gateway,
          nicolae_vaults_little_squares_5, vaults_room_corners, v_alt_pattern_6,
          grunt_vaults_funnel, layout_vaults_maze_bifur, serial_shops,
          bzr_entry_water
Vaults:3: gammafunk_vaults_ghost_grave, minmay_crypt_entry_vampire_xt,
          vaults_room_large_hall, vaults_standard_mumra_lines,
          hangedman_vaults_cutoff, v_alt_pattern_5, vaults_mumra_hex,
          vaults_room_pools, vaults_dpeg_ring, ontoclasm_vaults_twist,
          v_misc_10, layout_vaults_omnigrid
Vaults:4: vaults_room_boxed, vaults_room_fancy_cross,
          grunt_vaults_hallway_short, ontoclasm_vaults_claustrophobia,
          nicolae_vaults_triangles, grunt_vaults_hallway_short,
          dpeg_vaults_monster_row, st_more_cells, vaults_room_fours,
          grunt_vaults_hallway_short, hangedman_vaults_impose,
          nicolae_vaults_shelves_hall, vaults_dpeg_diagonal, v_alt_pattern_6,
          nicolae_vaults_little_squares_6, layout_vaults_omnicross, uniq_aizul
Depths:1: layout_cave_pools, enter_ziggurat_a, hell_entry, serial_shops,
          nicolae_shop_window_shopping, nicolae_shop_stone, nicolae_square_shop,
          shop_coins, ashenzari_altar_1

Skill      XL: |  1  2  3  4  5  6  7  8  9 10 11 12 13 14 15 16 17 18 19 20 21 22 23 |
---------------+----------------------------------------------------------------------+-----
Stealth        | 1 2 3 4 5 7 8 |  8.0
Polearms       | 3 4 5 6 8 9 10 11 12 14 | 14.0
Fighting       | 3 4 5 6 8 9 10 12 13 14 15 16 19 | 19.1
Evocations     | 1 2 3 5 7 8 |  8.0
Translocations | 3 |  3.0
Spellcasting   | 3 4 6 8 9 10 12 14 15 | 15.2
Conjurations   | 5 8 10 11 12 14 17 18 20 21 | 21.0
Armour         | 4 6 7 9 11 12 14 | 14.0
Dodging        | 4 6 7 9 11 12 14 | 14.0
Shields        | 4 |  4.0
Air Magic      | 1 6 9 13 15 | 15.0
Poison Magic   | 1 2 |  2.0
Summonings     | 6 9 10 | 10.0
Fire Magic     | 4 8 |  8.0
Throwing       | |  1.0

Action                   |  1- 3 |  4- 6 |  7- 9 | 10-12 | 13-15 | 16-18 | 19-21 | 22-24 || total
-------------------------+-------+-------+-------+-------+-------+-------+-------+-------++-------
Melee: Spear             |   148 |    92 |   383 |   907 |  1874 |   207 |       |       ||  3611
       Peck              |    14 |     8 |    55 |   175 |   410 |   113 |   168 |    67 ||  1010
       Kick              |    16 |    16 |    76 |   269 |   646 |   183 |   277 |    92 ||  1575
       Demon trident     |       |       |       |       |       |   454 |   801 |   307 ||  1562
Throw: Boomerang         |     3 |       |     2 |       |       |       |       |       ||     5
       Dart              |       |    21 |   113 |    30 |    55 |       |     5 |       ||   224
       Throwing net      |       |       |       |     1 |       |       |       |       ||     1
 Cast: Shock             |       |       |       |    11 |     1 |       |       |       ||    12
       Mephitic Cloud    |       |       |       |       |    42 |    10 |    11 |       ||    63
       Stone Arrow       |       |       |       |       |   174 |     5 |       |       ||   179
       Blink             |       |       |       |       |     2 |     5 |     2 |     2 ||    11
       Orb of Destructio |       |       |       |       |     7 |   163 |   305 |   184 ||   659
       Olgreb's Toxic Ra |       |       |       |       |     6 |       |       |       ||     6
       Fireball          |       |       |       |       |       |   512 |   207 |   158 ||   877
       Spellforged Servi |       |       |       |       |       |     3 |     1 |       ||     4
       Swiftness         |       |       |       |       |       |     1 |       |       ||     1
Evoke: Wand              |       |     6 |    10 |     8 |    35 |    13 |    13 |       ||    85
       Phantom mirror    |       |       |       |       |       |     1 |       |     1 ||     2
       Lightning rod     |       |       |       |       |       |       |     9 |     1 ||    10
  Use: Scroll            |     2 |       |     4 |     3 |    10 |    21 |     8 |    11 ||    59
       Potion            |       |     2 |     2 |     3 |     2 |       |     6 |    14 ||    29
 Stab: Sleeping          |     1 |     3 |     2 |    12 |    10 |     1 |       |       ||    29
       Paralysed         |       |    19 |    34 |     2 |     3 |     6 |     5 |       ||    69
       Invisible         |       |       |     5 |       |       |       |       |     4 ||     9
       Distracted        |       |       |       |     5 |     4 |     1 |     1 |       ||    11
       Confused          |       |       |       |       |    24 |     4 |     3 |       ||    31
       Fleeing           |       |       |       |       |       |       |       |     1 ||     1
Armor: Ring mail         |    36 |    14 |   106 |     7 |       |       |       |       ||   163
       Leather armour    |     2 |       |       |       |       |       |       |       ||     2
       Scale mail        |       |       |       |   175 |   309 |   111 |       |       ||   595
       Plate armour      |       |       |       |       |       |   359 |       |       ||   359
       Storm dragon scal |       |       |       |       |       |    21 |   237 |   113 ||   371
Dodge: Dodged            |    52 |    20 |   148 |   331 |   751 |   553 |   287 |   153 ||  2295
Block: Buckler           |       |       |       |    90 |   221 |   218 |   112 |    48 ||   689
       Reflection        |       |       |       |       |       |     7 |    13 |     9 ||    29
